 Dungeon Crawl Stone Soup version 0.22.1-2-g9c5b331 (webtiles) character file.

242 Korkiloff the Skirmisher (level 5, -2/42 HPs)
             Began as a Demonspawn Abyssal Knight on Jan 6, 2019.
             Was a Believer of Lugonu.
             Slain by an ogre
             ... wielding a +0 giant spiked club
              (21 damage)
             ... on level 4 of the Dungeon.
             The game lasted 00:07:14 (2006 turns).

Korkiloff the Skirmisher (DsAK)                     Turns: 2006, Time: 00:07:15

Health: -2/42      AC:  7    Str: 13    XL:     5   Next: 82%
Magic:  0/6        EV: 11    Int: 13    God:    Lugonu [**....]
Gold:   105        SH:  0    Dex: 13    Spells: 4/4 levels left

rFire    . . .     SeeInvis .   a - +1 falchion
rCold    . . .     Gourm    .   (no shield)
rNeg     . . .     Faith    .   m - +0 ring mail
rPois    .         Spirit   +   (no helmet)
rElec    .         Reflect  .   (no cloak)
rCorr    .         Harm     .   (no gloves)
MR       .....                  (no boots)
Stlth    ..........             (no amulet)
HPRegen  0.14/turn              (no ring)
MPRegen  0.10/turn              (no ring)

@: no status effects
A: hooves 1, iridescent scales 1, magic shield, rot immunity
a: Depart the Abyss, Bend Space, Renounce Religion


You were on level 4 of the Dungeon.
You worshipped Lugonu.
Lugonu was pleased with you.
You were hungry.

You visited 1 branch of the dungeon, and saw 4 of its levels.
You visited the Abyss 1 time.

You collected 105 gold pieces.

Inventory:

Hand Weapons
 a - a +1 falchion (weapon)
Missiles
 i - 16 sling bullets
 k - 42 bolts
 p - 2 throwing nets (quivered)
 r - 10 arrows
Armour
 b - a +0 leather armour
 m - a +0 ring mail (worn)
Wands
 o - a wand of disintegration (3)
Scrolls
 e - 4 scrolls of teleportation {unknown}
 f - 4 scrolls of remove curse {unknown}
 g - 2 scrolls of amnesia {unknown}
 j - a scroll of enchant weapon {unknown}
 l - 2 scrolls of identify {unknown}
 q - a scroll of noise {unknown}
Comestibles
 c - 3 rations


   Skills:
 + Level 4.2 Fighting
 + Level 3.5 Long Blades
 + Level 3.1 Armour
 + Level 1.9 Dodging
 + Level 0.1 Stealth
 + Level 2.6 Invocations


You had 4 spell levels left.
You didn't know any spells.
Your spell library was empty.

Dungeon Overview and Level Annotations

Branches:
Dungeon (4/15)
 Temple: D:4-7

Altars:
Dithmenos


Innate Abilities, Weirdness & Mutations

You have large cloven feet.
You are partially covered in iridescent scales. (AC +2)
When hurt, damage is shared between your health and your magic reserves.
You are immune to rotting.


Message History

You hit the ogre. Your kick misses the ogre.
The ogre is lightly wounded.
You hit the ogre.
The ogre is moderately wounded.
The gnoll closely misses you. The ogre barely misses you.
You riposte.
You hit the ogre. You kick the ogre.
The ogre is heavily wounded.
The gnoll completely misses you.
You hit the ogre.
The ogre is severely wounded.
The gnoll hits you from afar with a spear.
You barely miss the ogre. You kick the ogre.
The ogre is severely wounded.
The ogre hits you with a giant spiked club.
The gnoll hits you from afar with a spear.
* * * LOW HITPOINT WARNING * * *
You feel better.
The ogre hits you with a giant spiked club!!
Ouch! That really hurt!
You die...

.........#
#..##.#......# #.#
.......#.#
#..##.######.# #.#
.......#.##
#..##........###.##
.......#..#
#..########..#....#
#########.##
#..########..###.##
#..#
#.................#
##.##
##.################
#..# #.# #### #@#
#O# #g# #g# #.# #W#
#.# ..# ..#


You could see a phantom, an ogre and 2 gnolls.

Vanquished Creatures
  A hound (D:4)
  An orc priest (D:4)
  2 gnolls (D:4)
  11 adders
  A worm (D:4)
  A dart slug (D:3)
  A leopard gecko (D:1)
  4 orcs (D:4)
  7 bats
  8 goblins
  6 hobgoblins
  3 jackals (D:2)
  A quokka (D:4)
  4 frilled lizards
  5 kobolds
  A leopard gecko skeleton (D:4)
  3 rats
60 creatures vanquished.

Notes
Turn   | Place    | Note
-------+----------+-------------------------------------------
     0 | Abyss:1  | Korkiloff the Demonspawn Abyssal Knight began the quest for
                  | the Orb.
     0 | Abyss:1  | Reached XP level 1. HP: 18/18 MP: 2/2
    19 | D:1      | Escaped the Abyss
   180 | D:1      | Gained mutation: You are partially covered in iridescent
                  | scales. (AC +2) [demonic ancestry]
   180 | D:1      | Reached XP level 2. HP: 18/24 MP: 3/3
   407 | D:1      | Reached skill level 1 in Dodging
   699 | D:2      | Gained mutation: You have large cloven feet. [demonic
                  | ancestry]
   699 | D:2      | Reached XP level 3. HP: 24/30 MP: 4/4
   784 | D:2      | Reached ** piety under Lugonu
   788 | D:2      | Reached skill level 4 in Fighting
   805 | D:2      | Gained mutation: When hurt, damage is shared between your
                  | health and your magic reserves. [demonic ancestry]
   805 | D:2      | Reached XP level 4. HP: 10/37 MP: 5/5
  1332 | D:3      | Noticed an ogre
  1337 | D:3      | You fall through a shaft!
  1487 | D:4      | Gained mutation: You are immune to rotting. [demonic
                  | ancestry]
  1487 | D:4      | Reached XP level 5. HP: 34/42 MP: 6/6
  1881 | D:4      | Found a shadowy altar of Dithmenos.
  1986 | D:4      | Noticed an ogre
  1994 | D:4      | Noticed a phantom
  2006 | D:4      | Slain by an ogre

Skill      XL: |  1  2  3  4  5 |
---------------+----------------+-----
Long Blades    | 2 3 |  3.5
Dodging        | 1 |  1.9
Armour         | 2 3 |  3.1
Fighting       | 4 |  4.2
Stealth        | |  0.1
Invocations    | |  2.6

Action                   |  1- 3 |  4- 6 || total
-------------------------+-------+-------++-------
Melee: Falchion          |    89 |   120 ||   209
       Kick              |     5 |    28 ||    33
Invok: Bend Space        |       |     1 ||     1
Evoke: Wand              |       |     5 ||     5
  Use: Potion            |       |     3 ||     3
  Eat: Chunk             |       |     3 ||     3
Armor: Leather armour    |    24 |     5 ||    29
       Ring mail         |       |    43 ||    43
Dodge: Dodged            |    52 |    71 ||   123
       Rpst.: Falchion   |    14 |    23 ||    37
